[Event "*** Titled Tuesday Blitz"]
[Site "Chess.com"]
[Date "2021.04.06"]
[Round "3"]
[White "BigAl"]
[Black "RamyresCoelho"]
[Result "1-0"]
[WhiteElo "2494"]
[BlackElo "2172"]
[TimeControl "180+1"]
[EndTime "10:29:35 PDT"]
[Termination "BigAl won by checkmate"]

1. Nf3 Nf6 2. g3 g6 3. Bg2 Bg7 4. O-O O-O 5. d3 d6 6. e4 c6 7. Nc3 e5 8. a4 h6 9. a5 a6 10. h3 Be6 11. d4 exd4 12. Nxd4 Bc4 13. Re1 Nbd7 14. b3 Be6 15. Nxe6 fxe6 16. Qxd6 Qe8 17. Be3 Rd8 18. Qc7 Nd5 19. exd5 Bxc3 20. Bxh6 Bxa1 21. Rxa1 Rf7 22. dxe6 Rh7 23. exd7 Rdxd7 24.
Qf4 Rdf7 25. Qd2 Rd7 26. Qf4 Rdf7 27. Qc1 Qe5 28. Be3 Rd7 29. Ra4 Rhe7 30. Rg4 Qf5 31. Kh2 Kh7 32. Qb2 Kg8 33. Rf4 Qe5 34. Qa3 Rf7 35.
Rg4 Qf5 36. Be4 Qe5 37. Bxg6 Rg7 38. Qc5 Qe6 39. Qh5 Rd1 40. Bh7+ Kf8 41. Rxg7 Kxg7 42. Qxd1 Kxh7 43. Qh5+ Kg7 44. Qg4+ Kf7 45. Qxe6+ Kxe6 46. h4 Kf5 47. Kh3 Kg6 48. g4 Kh7 49. g5 Kg6 50. Kg4 Kh7 51. h5 Kg7 52. Kf5 Kh7 53.
Bd4 b6 54. axb6 c5 55. Bxc5 a5 56. b7 a4 57. bxa4 Kg7 58. b8=Q Kh7 59. Qc7+ Kh8 60. a5 Kg8 61. a6 Kh8 62. a7 Kg8 63. c3 Kh8 64.
a8=Q# 1-0

[Event "*** Titled Tuesday Blitz"]
[Site "Chess.com"]
[Date "2021.04.06"]
[Round "3"]
[White "Redbandit87"]
[Black "Vandros57"]
[Result "0-1"]
[WhiteElo "2395"]
[BlackElo "2217"]
[TimeControl "180+1"]
[EndTime "10:29:35 PDT"]
[Termination "Vandros57 won by checkmate"]

1. d4 Nf6 2. Bf4 e6 3. e3 c5 4. c3 b6 5. Nd2 Bb7 6. Nc4 d5 7. Ne5 Nbd7 8. Ngf3 Nxe5 9. Nxe5 a6 10.
dxc5 Bxc5 11. Bd3 O-O 12. O-O h6 13. h3 Bd6 14. Bh2 Qc7 15. Nf3 Bxh2+ 16. Nxh2 e5 17.
Qe2 Rfd8 18. Ng4 Nxg4 19. Qxg4 Re8 20. Rad1 Rad8 21. Bb1 Qe7 22. e4 dxe4 23. Bxe4 Bxe4 24. Qxe4 f6 25. Qc6 Rxd1 26. Rxd1 Rd8 27. Rxd8+ Qxd8 28. Qc4+ Kh8 29. Qxa6 Qd1+ 30. Kh2 Qd2 31. Qc8+ Kh7 32.
Qf5+ Kh8 33. Qf3 Qxb2 34. a4 Qa3 35. Qa8+ Kh7 36. Qe4+ Kh8 37. Qb4 Qa2 38. Qxb6 Qxa4 39. Qb8+ Kh7 40. Qb1+ Kh8 41. Qc1 f5 42. c4 Qc6 43. c5 e4 44. g3 Kh7 45. h4 Kg6 46.
Qc4 Kf6 47. Qd4+ Kf7 48. Qe3 Kf6 49. Kh3 Kf7 50. Kh2 Kf6 51. Qd4+ Kf7 52. Kg1 g6 53. Kf1 Ke6 54. Ke2 Kf7 55. Ke3 Ke6 56. h5 g5 57. Ke2 Qd5 58. Qg7 Qc4+ 59. Ke1 Qc1+ 60. Ke2 Qc4+ 61. Ke3 Qd3# 0-1

[Event "*** Titled Tuesday Blitz"]
[Site "Chess.com"]
[Date "2021.04.06"]
[Round "3"]
[White "Ave_Mariia"]
[Black "Sychev_Klementy"]
[Result "0-1"]
[WhiteElo "2476"]
[BlackElo "2888"]
[TimeControl "180+1"]
[EndTime "10:29:36 PDT"]
[Termination "Sychev_Klementy won by resignation"]

1. d4 Nf6 2. c4 b6 3. Nc3 Bb7 4. Qc2 d5 5. cxd5 Nxd5 6. a3 g6 7. Nf3 Bg7 8. e4 Nxc3 9. bxc3 O-O 10. Bc4 c5 11. O-O cxd4 12. cxd4 Nc6 13. Rd1 Rc8 14. Qe2 Nxd4 15. Nxd4 Bxd4 16. Bb2 e5 17. Bxd4 exd4 18. Rac1 Qh4 19. Rxd4 b5 20. Rd7 Bc6 21. Bxf7+ Rxf7 22. Rd6 Bb7 23. Rxc8+ Bxc8 24. Qd2 Bb7 25. f3 Qe7 26. Rd8+ Kg7 27. Rd3 Qc5+ 28. Kh1 Bxe4 29. Qb2+ Kh6 30. Qd2+ g5 31. Rd6+ Bg6 32. h4 Re7 33. Rd5 Re1+ 34. Kh2 Qc7+ 35. g3 Qc2 36. hxg5+ Kg7 37. Rd7+ Kf8 38.
Rd8+ Kf7 39. Rd7+ Re7 40. Qxc2 Bxc2 41. Rd5 a6 42. Rd6 Re6 43. Rd7+ Kg6 44. f4 Bf5 45. Kg2 Re2+ 46. Kf3 Bxd7 47. Kxe2 Kf5 48. Kf3 Bc6+ 49.
Ke3 Ba8 50. Kd4 Kg4 51. Ke5 Bc6 52. f5 Kxg5 53. f6 Kg6 54. Ke6 Be8 55. Ke7 Bf7 56. g4 Bb3 57. g5 a5 0-1

[Event "*** Titled Tuesday Blitz"]
[Site "Chess.com"]
[Date "2021.04.06"]
[Round "3"]
[White "HanSchut"]
[Black "marianokar"]
[Result "0-1"]
[WhiteElo "2250"]
[BlackElo "2517"]
[TimeControl "180+1"]
[EndTime "10:29:36 PDT"]
[Termination "marianokar won by resignation"]

1. e4 c5 2. Nf3 d6 3. d4 cxd4 4. Nxd4 Nf6 5. f3 a6 6. c4 e6 7.
Nc3 Be7 8. Be2 O-O 9. O-O b6 10.
Be3 Bb7 11. Qd2 Qc7 12. Rac1 Nbd7 13. Rfd1 Rac8 14. Bf1 Qb8 15. Qf2 Bd8 16. Kh1 Bc7 17. Qg1 Rfe8 18. Bf2 Ba8 19. b4 Rcd8 20. Nb3 Ne5 21.
Na4 b5 22. cxb5 axb5 23. Nc3 Bc6 24. Nd4 Bb6 25. Nxc6 Bxf2 26. Nxb8 Bxg1 27. Kxg1 Rxb8 28. Bxb5 Red8 29. a4 g5 30. h3 Kf8 31. Rd2 Ke7 32.
Rdc2 h5 33. Ne2 g4 34. hxg4 hxg4 35. Rc7+ Kf8 36. f4 Ng6 37. g3 Nxe4 38. Kg2 d5 39. Nd4 Ne7 40. Rh1 Rdc8 41. Rhc1 Rxc7 42. Rxc7 Nd6 43.
Rd7 Nxb5 44. axb5 Rb6 45. Rd8+ Kg7 46. Rd7 Kf6 47. Ra7 Nf5 48. Ra6 Rb8 49. Nxf5 Kxf5 50. b6 Ke4 51. b5 d4 52. Kf2 f6 53. Ke2 e5 54. fxe5 fxe5 55. Kd2 Kd5 56. Ra7 e4 57. Rg7 Rxb6 58. Rxg4 Rxb5 59. Rg5+ Kc4 60. Rxb5 Kxb5 61. g4 Kc6 62. g5 Kd6 63. g6 Ke6 64. g7 Kf7 65.
g8=Q+ Kxg8 0-1

[Event "*** Titled Tuesday Blitz"]
[Site "Chess.com"]
[Date "2021.04.06"]
[Round "3"]
[White "Joseacorrea"]
[Black "Xeniya2005"]
[Result "1-0"]
[WhiteElo "2097"]
[BlackElo "2310"]
[TimeControl "180+1"]
[EndTime "10:29:37 PDT"]
[Termination "Joseacorrea won on time"]

1. c4 e5 2. Nc3 Bb4 3. Nd5 Bc5 4.
e3 c6 5. Nc3 Nf6 6. g3 O-O 7. Bg2 Re8 8. Nge2 e4 9. d3 exd3 10.
Qxd3 d6 11. O-O Nbd7 12. Na4 Ne5 13. Qc3 a5 14. Nxc5 dxc5 15. b3 Bg4 16. f3 Bd7 17.
Bb2 Qc7 18. Rad1 Rad8 19. Rd2 b5 20. Rfd1 b4 21. Qc2 Qc8 22. Nf4 h6 23. Nd3 Nxd3 24.
Rxd3 Qc7 25. e4 Be6 26. Qd2 Rxd3 27. Qxd3 Nd7 28. Qe3 Rd8 29. Qf4 Qc8 30. Rd6 Nf8 31. Qe5 f6 32. Qf4 Ng6 33. Qd2 Rd7 34. Rxd7 Qxd7 35.
Qxd7 Bxd7 36. Kf2 Kf7 37. Ke3 f5 38. Bf1 Ke6 39. exf5+ Kxf5 40. Bd3+ Kg5 41. h4+ Kh5 42. g4+ Kxh4 43. Bxg6 Kg5 44. Bf7 g6 45. f4+ Kxg4 46. Bxg6 h5 47. Be4 h4 48. Bh1 h3 49. Be5 Kg3 50.
Bf3 h2 51. f5+ Kh3 52. f6 1-0

[Event "*** Titled Tuesday Blitz"]
[Site "Chess.com"]
[Date "2021.04.06"]
[Round "3"]
[White "onnoelgersma"]
[Black "Love_craft"]
[Result "1-0"]
[WhiteElo "2432"]
[BlackElo "2583"]
[TimeControl "180+1"]
[EndTime "10:29:38 PDT"]
[Termination "onnoelgersma won by checkmate"]

1. d4 Nf6 2. Nf3 g6 3. Bg5 Bg7 4. e3 h6 5. Bh4 b6 6. Nbd2 Bb7 7. c3 O-O 8. Be2 d5 9. O-O c5 10. a4 Nc6 11. h3 Re8 12. Bg3 Rc8 13. Bb5 a6 14. Bxc6 Bxc6 15. Be5 Qd7 16. b4 cxb4 17. cxb4 Bb7 18. Qb3 Bf8 19. Rac1 Ne4 20. Bf4 Rxc1 21. Rxc1 Rc8 22. Rxc8 Qxc8 23. Nxe4 dxe4 24. Ne5 Qc1+ 25.
Kh2 e6 26. Nd7 Be7 27. Nxb6 Qd2 28. b5 Qxf2 29. Qc3 Bd8 30. Nc4 axb5 31. axb5 Bd5 32.
Nd6 Kg7 33. Qc8 Bg5 34. Be5+ f6 35. Qd7+ Kh8 36. Qe8+ Kh7 37. Qf7+ Kh8 38. Qf8+ Kh7 39. Nf7 Bf4+ 40. Bxf4 g5 41. Qh8+ Kg6 42. Qg8+ Kh5 43. Bg3 Qxe3 44. Qh7 g4 45. hxg4+ Kxg4 46. Qg6+ Qg5 47.
Nxg5 fxg5 48. Qf6 h5 49. Qe5 h4 50. Bxh4 gxh4 51. b6 e3 52. b7 e2 53. b8=Q e1=Q 54. Qxe1 h3 55. Qe2+ Bf3 56. Qxf3+ Kh4 57. Qh8+ Kg5 58. Qhh5# 1-0

[Event "*** Titled Tuesday Blitz"]
[Site "Chess.com"]
[Date "2021.04.06"]
[Round "3"]
[White "AradNazari"]
[Black "chesslh19"]
[Result "0-1"]
[WhiteElo "2472"]
[BlackElo "2255"]
[TimeControl "180+1"]
[EndTime "10:29:39 PDT"]
[Termination "chesslh19 won on time"]

1. Nf3 d5 2. d4 Nf6 3. g3 e6 4. Bg2 Be7 5. O-O O-O 6. c4 dxc4 7. Ne5 Nc6 8. Nxc6 bxc6 9. e3 Ba6 10. Nc3 Nd5 11. Bd2 Rb8 12. Rb1 Qc8 13. e4 Nxc3 14.
Bxc3 Rd8 15. Qg4 Bf8 16. Rfd1 Bb5 17. f4 Ba4 18. Rd2 c5 19. Kh1 cxd4 20. Rxd4 Rxd4 21.
Bxd4 Qd7 22. Be5 Rd8 23. Rg1 Qd3 24. f5 exf5 25. exf5 Qd1 26. Rxd1 Rxd1+ 27. Bf1 Re1 28. Kg2 Bc6+ 29. Kf2 Rxe5 30. Bxc4 Bc5+ 31. Kf1 Re4 32.
Qd1 Rxc4 33. Qd8+ Bf8 34. b3 Rc1+ 35. Ke2 Be4 36. Kd2 Rc5 37. Ke3 Bxf5 38. Qb8 Be6 39. Kf4 h6 40. h4 Rd5 41. Ke4 Rc5 42. Kf4 Rd5 43. Ke4 Rc5 44. Qxa7 Rd5 45. a4 Rc5 46. a5 Bxb3 47. a6 Bd5+ 48. Ke3 Ra5 49. Kd3 Bc6 50. Qb8 Bb5+ 51. Kc3 Bxa6 52. Kb3 Rb5+ 0-1

[Event "*** Titled Tuesday Blitz"]
[Site "Chess.com"]
[Date "2021.04.06"]
[Round "3"]
[White "Firouzja2003"]
[Black "Vugar_Manafov"]
[Result "1-0"]
[WhiteElo "3134"]
[BlackElo "2688"]
[TimeControl "180+1"]
[EndTime "10:29:40 PDT"]
[Termination "Firouzja2003 won by resignation"]

1. d4 Nf6 2. Bg5 e6 3. e4 Be7 4. e5 Nd5 5. Bxe7 Qxe7 6. c4 Nb6 7. Nc3 d6 8. exd6 cxd6 9. Nf3 O-O 10. Bd3 Nc6 11. O-O Nb4 12. Be2 a5 13. a3 Na6 14.
Re1 Bd7 15. Bd3 Rfc8 16. b3 a4 17. Nd5 Nxd5 18. cxd5 Qf6 19. dxe6 Bxe6 20. bxa4 Rc3 21. Re3 Rac8 22. Qd2 g6 23. h3 Bd5 24. Bxa6 Rxe3 25. Bxb7 Bxf3 26. Bxc8 Re2 27. Qc3 Bxg2 28. Qg3 Bd5 29. Ba6 Rb2 30. Re1 Qxd4 31. Bb5 Kg7 32. Qe3 Qf6 33. Rd1 Bf3 34. Rc1 d5 35. Re1 Be4 36. Bf1 Qf5 37. a5 Qf6 38. a6 Rb8 39.
Rd1 Ra8 40. Qd4 Qxd4 41. Rxd4 Kf6 42. f4 Ke6 43. Kf2 Kd6 44. Rb4 Kc6 45. Ke3 f5 46.
Kd4 Rc8 47. Rb7 Ra8 48. Bb5+ Kd6 49. Rd7+ Ke6 50. a7 Bc2 51. Rc7 Be4 52. Bc6 Rd8 53.
a8=Q 1-0

[Event "*** Titled Tuesday Blitz"]
[Site "Chess.com"]
[Date "2021.04.06"]
[Round "3"]
[White "rynos0411"]
[Black "INDIAN-ELEPHANT"]
[Result "0-1"]
[WhiteElo "2446"]
[BlackElo "2706"]
[TimeControl "180+1"]
[EndTime "10:29:41 PDT"]
[Termination "INDIAN-ELEPHANT won on time"]

1. d4 Nf6 2. c4 e6 3. Nf3 b6 4. g3 Ba6 5. b3 c6 6. Bg2 d5 7. Nbd2 Nbd7 8. O-O Be7 9. Qc2 Rc8 10. Bb2 c5 11. dxc5 Nxc5 12. Rfd1 O-O 13. Ne5 Qc7 14. cxd5 Bxe2 15. Re1 Bh5 16. dxe6 Nxe6 17.
Qxc7 Rxc7 18. Rac1 Bb4 19. Rxc7 Nxc7 20. Rc1 Ne6 21.
Ne4 Nxe4 22. Bxe4 Nc5 23. Bd5 Re8 24. a3 Bxa3 25. Bxa3 Rxe5 26. b4 Rxd5 27. bxc5 bxc5 28. Rxc5 Rd1+ 29. Kg2 Bg4 30. Rc7 a6 31. Ra7 Bc8 32. Be7 f6 33. Rc7 Be6 34. Kf3 h5 35.
h4 Bg4+ 36. Ke3 a5 37. Ra7 a4 38. Ba3 Bd7 39. Ra8+ Kf7 40. Ke2 Bg4+ 41. Ke3 Bd7 42.
Ra7 Kg6 43. Ke2 Rd5 44. Ke3 Kf5 45. Bf8 g6 46. Bb4 Bb5 47. Ra5 Ke6 48. f3 g5 49.
Kf2 Kd7 50. Ra8 Rd3 51. hxg5 fxg5 52. Rh8 Bc6 53. Rxh5 Rxf3+ 54. Ke2 Rxg3 55. Rh7+ Ke6 56. Bc5 Rc3 57. Rh6+ Kd5 58. Bb4 Rc4 59. Be7 g4 60.
Rd6+ Ke4 61. Rg6 Kf5 62. Rg5+ Kf4 63. Rg7 Be4 64. Bd6+ Kf5 65. Ke3 Rc3+ 66. Kd4 Rd3+ 67. Kc5 Rd5+ 68. Kc6 a3 0-1

[Event "*** Titled Tuesday Blitz"]
[Site "Chess.com"]
[Date "2021.04.06"]
[Round "3"]
[White "ENajer77"]
[Black "Anton_Demchenko"]
[Result "1-0"]
[WhiteElo "2644"]
[BlackElo "2877"]
[TimeControl "180+1"]
[EndTime "10:29:42 PDT"]
[Termination "ENajer77 won by resignation"]

1. d4 Nf6 2. c4 g6 3. Nc3 Bg7 4. e4 O-O 5. Be2 d6 6. Be3 Na6 7. Nf3 e5 8. O-O c6 9. d5 Ng4 10. Bg5 f6 11. Bh4 c5 12. Ne1 Nh6 13. Nd3 b6 14. a3 g5 15. Bg3 f5 16. f3 Nc7 17.
Rb1 Ne8 18. b4 Nf6 19. bxc5 bxc5 20. Qa4 Bd7 21. Qa6 Nf7 22. Rb3 g4 23. Kh1 gxf3 24. gxf3 Kh8 25. Bh4 Qe8 26. Rg1 fxe4 27. Nxe4 Nxe4 28.
fxe4 Rg8 29. Bh5 Qf8 30. Rf1 Be8 31. Rb7 Bh6 32. Rbxf7 Bxf7 33. Rxf7 Qb8 34. Qb5 Qxb5 35. cxb5 c4 36. Nb4 c3 37. Bf6+ Bg7 38. Bg5 Rac8 39. Nc6 c2 40. Rf2 Rgf8 41. Rxc2 Rf1+ 42. Kg2 Rcf8 43. Be3 Re1 44. Bf2 Rxe4 45. Bf3 Ref4 46. Bd1 R4f6 47. Bg3 Rg6 48. Bh5 e4 49. Bxg6 hxg6 50.
Re2 Be5 51. Bxe5+ dxe5 52. Rxe4 Rf7 53. Rxe5 Rd7 54. Re8+ Kg7 55. Re7+ Rxe7 56. Nxe7 Kf6 57. Nc8 Ke5 58. Nxa7 Kxd5 59. b6 Kc5 60. b7 1-0

[Event "*** Titled Tuesday Blitz"]
[Site "Chess.com"]
[Date "2021.04.06"]
[Round "3"]
[White "hypert"]
[Black "MaxLeto"]
[Result "1/2-1/2"]
[WhiteElo "2549"]
[BlackElo "2369"]
[TimeControl "180+1"]
[EndTime "10:29:43 PDT"]
[Termination "Game drawn - insufficient material"]

1. Nc3 d5 2. d3 Nf6 3. g3 Bf5 4. Bg2 c6 5. e4 dxe4 6. Nxe4 Nxe4 7. Bxe4 Bxe4 8. dxe4 Qxd1+ 9. Kxd1 Nd7 10. f4 O-O-O 11. Ke2 e5 12. Nh3 Be7 13. f5 Nc5 14. Kf3 Rd7 15.
Be3 Na4 16. b3 Nc3 17. Nf2 b6 18. a4 Rhd8 19. g4 f6 20. h4 h6 21. g5 fxg5 22. hxg5 Bxg5 23. Bxg5 hxg5 24. Nd3 Rd4 25. Rae1 g4+ 26.
Kxg4 Nxe4 27. Kf3 Ng5+ 28. Ke3 e4 29. Nf4 Rd2 30. Re2 Rxe2+ 31. Kxe2 Nf3 32. Ne6 Rd2+ 33.
Ke3 Rxc2 34. Rh7 Rc3+ 35. Kxe4 Rxb3 36. Rxg7 Nd2+ 37. Ke5 Nc4+ 38. Kf6 Nd6 39. Rc7+ Kb8 40.
Rxc6 Nxf5 41. Kxf5 Rb4 42. a5 Rb5+ 43. Kf6 Rxa5 44.
Ke7 Kb7 45. Nd8+ Ka6 46. Rc7 Rc5 47. Rd7 Ka5 48. Rxa7+ Kb4 49. Ne6 b5 50. Nxc5 Kxc5 51. Rb7 Kc4 52. Ke6 b4 53. Ke5 b3 54. Ke4 Kc3 55.
Ke3 Kc2 56. Ke2 b2 57. Rc7+ Kb3 58. Rb7+ Kc2 59. Rc7+ Kb3 60. Kd2 b1=Q 61. Rb7+ Ka2 62. Rxb1 Kxb1 1/2-1/2

[Event "*** Titled Tuesday Blitz"]
[Site "Chess.com"]
[Date "2021.04.06"]
[Round "3"]
[White "Ladislav1969"]
[Black "MuhittinBuker"]
[Result "1/2-1/2"]
[WhiteElo "2349"]
[BlackElo "2197"]
[TimeControl "180+1"]
[EndTime "10:29:44 PDT"]
[Termination "Game drawn - insufficient material"]

1. e4 e5 2. Bc4 Bc5 3. d3 d6 4.
f4 Nf6 5. Nf3 Nc6 6. f5 a6 7.
Qe2 b5 8. Bb3 Na5 9. Be3 Nxb3 10.
axb3 Bxe3 11. Qxe3 O-O 12. O-O Re8 13. Nc3 Bb7 14.
b4 d5 15. exd5 Nxd5 16. Nxd5 Qxd5 17. Rae1 f6 18. Rf2 Qd6 19. Qc5 Qxc5 20. bxc5 Bxf3 21. Rxf3 Red8 22. Re4 a5 23. c3 Rd5 24. d4 Rad8 25.
dxe5 Rxe5 26. Rxe5 fxe5 27. Re3 Rd5 28. b4 a4 29. c4 bxc4 30. Ra3 e4 31. Rxa4 Rxf5 32. Ra3 Rd5 33. Rc3 Rd4 34. b5 Kf7 35. b6 cxb6 36.
cxb6 Rd6 37. b7 Rb6 38. Rxc4 Rxb7 39. Rxe4 Rb2 40. h3 h6 41. Kh2 Kg6 42. Kg3 Rb3+ 43. Kg4 Rb5 44. g3 Rg5+ 45. Kf3 Rf5+ 46. Ke3 Ra5 47. Re6+ Kf7 48. Rd6 Rf5 49. Rc6 Rf1 50. Ke2 Rf5 51. Ke3 Rh5 52. h4 Rf5 53. Ke4 Rf1 54. Rc3 Kg6 55. Rd3 h5 56. Rd5 Rf6 57. Rg5+ Kh6 58. Ke3 g6 59. Ke2 Kg7 60. Ke3 Kf7 61.
g4 hxg4 62. Rxg4 Rf5 63. Rg5 Kf6 64. Rxf5+ Kxf5 65. Kf3 Kf6 66. Kg4 Kf7 67. Kg5 Kg7 68. h5 gxh5 69. Kxh5 1/2-1/2

[Event "*** Titled Tuesday Blitz"]
[Site "Chess.com"]
[Date "2021.04.06"]
[Round "3"]
[White "nss13"]
[Black "Camels1981"]
[Result "0-1"]
[WhiteElo "2515"]
[BlackElo "2361"]
[TimeControl "180+1"]
[EndTime "10:29:46 PDT"]
[Termination "Camels1981 won on time"]

1. e4 c5 2. Nf3 e6 3. d4 cxd4 4. Nxd4 Nc6 5. Nc3 Qc7 6. g3 a6 7. Bg2 Nf6 8. O-O Nxd4 9. Qxd4 Bc5 10. Bf4 d6 11. Qd2 h6 12. Rad1 e5 13. Be3 Be6 14. Bxc5 dxc5 15. Nd5 Bxd5 16. exd5 Qd6 17. f4 exf4 18.
Qxf4 O-O-O 19. c4 Rhe8 20. Qxd6 Rxd6 21. Rde1 Rdd8 22. a3 Kc7 23. b4 Rxe1 24. Rxe1 Kd6 25. Rb1 b6 26. Bf3 Re8 27. Kf2 Nd7 28. Be2 f5 29. h4 g5 30. hxg5 hxg5 31. Rh1 Rf8 32. Rh7 b5 33. cxb5 axb5 34. Bxb5 Ne5 35. bxc5+ Kxc5 36.
Be2 Kxd5 37. Rg7 g4 38. Bf1 Ke4 39. Bg2+ Kd4 40. Ra7 Nd3+ 41. Kg1 Re8 42. Ra4+ Ke3 43. Ra5 f4 44. gxf4 Nxf4 45. Rg5 Ne2+ 46. Kf1 Rf8+ 47. Ke1 Kf4 48. Rg7 Ng3 49. Kd2 Rd8+ 50. Kc3 Rc8+ 51.
Kb4 Nf5 52. Bb7 Rb8 53. Rf7 g3 54. Kc5 Rxb7 0-1

[Event "*** Titled Tuesday Blitz"]
[Site "Chess.com"]
[Date "2021.04.06"]
[Round "3"]
[White "goofypenguin96"]
[Black "PawnEatingZombie"]
[Result "1/2-1/2"]
[WhiteElo "2377"]
[BlackElo "2203"]
[TimeControl "180+1"]
[EndTime "10:29:46 PDT"]
[Termination "Game drawn - insufficient material"]

1. e4 c6 2. d4 d5 3. e5 Bf5 4. h4 h5 5. c4 e6 6. Nc3 dxc4 7. Bxc4 Nd7 8. Nge2 Be7 9. Ng3 Bg6 10. Be2 Qb6 11.
Bxh5 Bxh5 12. Nxh5 O-O-O 13. g3 Nxe5 14. O-O Qxd4 15. Qe2 Nf6 16. Nxf6 Bxf6 17. Rd1 Qc4 18. Bf4 Qxe2 19. Nxe2 Nd3 20. Be3 Nxb2 21. Rxd8+ Rxd8 22. Bxa7 Kc7 23. Be3 Nc4 24. Rb1 Nxe3 25. fxe3 Rd2 26. Kf2 Rxa2 27. Kf3 b5 28. Rc1 Kb6 29. Rh1 b4 30. g4 c5 31. g5 Be7 32. h5 b3 33. h6 gxh6 34. gxh6 Bf6 35. Rb1 c4 36. h7 Kc5 37. Nd4 Ra8 38. Ke4 Bxd4 39. exd4+ Kb4 40. Rg1 Rh8 41. Rh1 c3 42. Kd3 c2 43. Kd2 Ka3 44. Kc3 Ka2 45. Rh5 Rxh7 46. Rxh7 c1=Q+ 47. Kb4 Qd2+ 48. Kc4 b2 49. Rxf7 b1=Q 50. Ra7+ Kb2 51. Kc5 Kc1 52.
Kd6 Qdc2 53. Ke7 Qf5 54. Rd7 Kd2 55. d5 exd5 56. Rd6 Ke2 57. Kd8 Qe6 58. Rxe6+ Kd3 59.
Rb6 Qxb6+ 60. Kd7 Qc6+ 61. Kxc6 d4 62. Kd5 Ke3 63. Kc4 d3 64. Kc3 d2 65. Kc2 d1=Q+ 66. Kxd1 1/2-1/2

[Event "*** Titled Tuesday Blitz"]
[Site "Chess.com"]
[Date "2021.04.06"]
[Round "3"]
[White "maximnovik"]
[Black "MITerryble"]
[Result "0-1"]
[WhiteElo "2563"]
[BlackElo "2901"]
[TimeControl "180+1"]
[EndTime "10:29:47 PDT"]
[Termination "MITerryble won on time"]

1. Nf3 Nf6 2. g3 d5 3. Bg2 c6 4.
c4 Bf5 5. cxd5 cxd5 6. Qb3 Nbd7 7. d4 e6 8. Qxb7 Rb8 9. Qa6 Rb6 10. Qa4 Rb4 11.
Qd1 Qb6 12. O-O Bd6 13. Nc3 O-O 14. b3 Rc8 15. Bd2 Qb8 16. Rc1 Rb7 17. Nh4 Bg4 18.
h3 Bh5 19. g4 Bg6 20. Nxg6 hxg6 21. g5 Nh5 22. e3 Be7 23. h4 f6 24. Qg4 Nf8 25.
Nxd5 Ba3 26. Rxc8 Qxc8 27. Nc3 Rf7 28. Nb5 Be7 29. Rc1 Qe8 30. Nxa7 f5 31. Qd1 f4 32.
Nc6 fxe3 33. fxe3 Bd6 34. Qg4 Ng3 35. e4 Nh5 36. e5 Ba3 37. Rf1 Rd7 38. d5 exd5 39. Nd4 Qxe5 40. Rxf8+ Bxf8 41. Nf3 Qa1+ 42. Kh2 Bd6+ 43. Kh3 Re7 44. Qc8+ Kh7 45. Qc6 Bf4 46. Qxd5 Bxd2 47. Qxd2 Qb1 48. Nd4 Rd7 49. Bf3 Qa1 50.
Nc2 Rxd2 51. Nxa1 Rxa2 52. b4 Rxa1 53. b5 Rb1 54. Bc6 Nf4+ 55. Kg4 Ne6 56. Kf3 Nd4+ 57. Kg4 Nxb5 58. Be4 Rb4 59. Kf3 Nd6 60. Bd3 Rxh4 0-1

[Event "*** Titled Tuesday Blitz"]
[Site "Chess.com"]
[Date "2021.04.06"]
[Round "3"]
[White "QuintilianoR"]
[Black "muchojogo"]
[Result "1-0"]
[WhiteElo "2707"]
[BlackElo "2440"]
[TimeControl "180+1"]
[EndTime "10:29:47 PDT"]
[Termination "QuintilianoR won by checkmate"]

1. e4 c5 2. Nf3 d6 3. d4 cxd4 4. Nxd4 Nf6 5. Nc3 g6 6. Be3 Bg7 7. f3 Nc6 8. Qd2 O-O 9. O-O-O Nxd4 10. Bxd4 Be6 11. Kb1 Qc7 12. h4 Rfc8 13. h5 Qa5 14. hxg6 hxg6 15. a3 Rab8 16. Bd3 b5 17. Qg5 Nh7 18.
Rxh7 Bxd4 19. Qh6 b4 20. Rh1 Qe5 21. f4 Qg7 22. Rxg7+ Bxg7 23. Qh7+ Kf8 24. axb4 Rxb4 25. Nd1 a5 26. Kc1 a4 27. Kd2 Rb6 28. f5 gxf5 29.
exf5 Bd5 30. Ne3 Bb7 31. Rh4 Bf6 32. Rg4 Ke8 33. Rg8+ Kd7 34. Qxf7 Rxg8 35. Qxg8 Rxb2 36. Qe6+ Kd8 37. Nd5 Bxd5 38. Qxd5 a3 39. Qa8+ Kd7 40. Qxa3 Rb6 41. Qa4+ Kc7 42. Qa7+ Rb7 43. Qa5+ Kb8 44. Bc4 Bg5+ 45. Ke2 Bf6 46. Bd5 Rb2 47. Qa8+ Kc7 48. Qc6+ Kd8 49. Qa8+ Kc7 50. Bb3 Rb1 51. Qa7+ Kc6 52.
Ba4+ Kd5 53. Bb3+ Ke5 54. Qe3+ Kxf5 55. Be6+ Kg6 56. Qe4+ Kg7 57. Qg4+ Kh6 58. Bf5 Bg5 59. Qh3+ Kg7 60. Qh7+ Kf6 61. Qg6+ Ke5 62. Qxg5 Kd4 63. Bd3 e5 64. Qd2 Kd5 65. Bf5+ Kc5 66. Qc3+ Kb6 67.
Bd7 Ka6 68. Qc6+ Ka5 69. Qxd6 Rb6 70. Qa3# 1-0

[Event "*** Titled Tuesday Blitz"]
[Site "Chess.com"]
[Date "2021.04.06"]
[Round "3"]
[White "volunteers1998"]
[Black "Lion-Al-Messi"]
[Result "0-1"]
[WhiteElo "2224"]
[BlackElo "2504"]
[TimeControl "180+1"]
[EndTime "10:29:48 PDT"]
[Termination "Lion-Al-Messi won on time"]

1. e4 e6 2. Nf3 d5 3. Nc3 d4 4. Ne2 c5 5. c3 Nc6 6. cxd4 cxd4 7. Qa4 Bc5 8. b4 Bxb4 9. Nexd4 Be7 10. Bb5 Bd7 11. Nxc6 bxc6 12. Bxc6 Nf6 13. Bxd7+ Nxd7 14.
O-O O-O 15. d4 Nf6 16. Re1 Qb6 17. Ba3 Bxa3 18. Qxa3 Rab8 19. Qd3 Rfd8 20. Rab1 Qa5 21. Rxb8 Rxb8 22. Rb1 Rd8 23. h3 h6 24. Qc2 Nh5 25. Qb2 Nf4 26. a3 Qh5 27. Qd2 Nxh3+ 28. gxh3 Qxf3 29.
Qe3 Qf6 30. Rd1 Qg6+ 31. Kf1 f5 32. exf5 Qxf5 33. Re1 Rd6 34. Kg2 Qd5+ 35. Qe4 Qg5+ 36. Kf1 Qb5+ 37. Kg2 Qd7 38. f4 Kf7 39. Qe5 Qc6+ 40.
Qe4 Qd7 41. Qe5 Rxd4 42. f5 Rd2+ 43. Kg1 exf5 44. Rf1 Qd4+ 45. Qxd4 Rxd4 46. Rxf5+ Ke6 47. Ra5 Rd7 48. Kf2 Kd6 49. Rb5 Kc6 50. Rb4 a5 51. Rb1 Kc5 52. Rc1+ Kb5 53. Rb1+ Kc4 54. Rc1+ Kb3 55.
Re1 Kxa3 56. Re5 a4 57. Ra5 Kb4 58. Ra8 a3 59. Kf3 Kb3 60. Kf4 Rd4+ 61. Kf5 a2 62. Kg6 Ra4 0-1

[Event "*** Titled Tuesday Blitz"]
[Site "Chess.com"]
[Date "2021.04.06"]
[Round "3"]
[White "TeukkaSalama"]
[Black "WisdomGame"]
[Result "1-0"]
[WhiteElo "2384"]
[BlackElo "2084"]
[TimeControl "180+1"]
[EndTime "10:29:48 PDT"]
[Termination "TeukkaSalama won by resignation"]

1. d4 Nf6 2. Bf4 e6 3. e3 c5 4. c3 Qb6 5. Qb3 Qxb3 6. axb3 cxd4 7. exd4 Nc6 8. Nd2 Be7 9. Ngf3 O-O 10. Bd3 Re8 11.
O-O Bf8 12. Rfe1 d6 13. h3 Bd7 14. Bh2 a6 15. b4 Rad8 16. Nc4 Bc8 17. Nb6 Nd7 18.
Nxc8 Rxc8 19. Rad1 d5 20. Nd2 Nb6 21. Nb3 Na4 22. Re2 Nb6 23. Nc5 Bxc5 24. bxc5 Nd7 25.
b4 e5 26. Bf5 Rcd8 27. Bxd7 Rxd7 28. dxe5 f6 29. f4 fxe5 30. fxe5 d4 31. e6 Rdd8 32.
Bd6 dxc3 33. Re4 b6 34. Rc1 bxc5 35. bxc5 a5 36. Rxc3 Ra8 37. Ra3 Ra7 38. Kf2 Nd8 39.
e7 Nc6 40. Kf3 Nxe7 41. Bxe7 Raxe7 42. Rxe7 Rxe7 43. Rxa5 Re1 44. Ra7 Rc1 45. Rc7 Rc2 46. g4 h6 47. c6 Kh7 48. h4 Kg6 49. h5+ Kf6 50. Ke4 Rc4+ 51. Kd5 Rxg4 52. Rb7 Rg1 53. Kd6 Rd1+ 54. Kc7 Rd5 55. Kc8 Rxh5 56. c7 Rc5 57. Kd7 Rxc7+ 58. Rxc7 g5 59. Rc5 h5 60. Kd6 h4 61. Kd5 h3 62. Ke4 h2 63. Rc1 g4 64. Kf4 1-0

[Event "*** Titled Tuesday Blitz"]
[Site "Chess.com"]
[Date "2021.04.06"]
[Round "3"]
[White "mishanick"]
[Black "BAS8892"]
[Result "1-0"]
[WhiteElo "2947"]
[BlackElo "2660"]
[TimeControl "180+1"]
[EndTime "10:29:50 PDT"]
[Termination "mishanick won by resignation"]

1. e4 c6 2. Nf3 d5 3. Nc3 Bg4 4.
h3 Bxf3 5. Qxf3 e6 6. Be2 Nd7 7. d4 g6 8. O-O Bg7 9. Be3 Ne7 10.
h4 h5 11. g3 O-O 12. Rad1 b5 13. Bg5 b4 14. Na4 Re8 15. c4 Qa5 16. b3 Nb6 17.
cxd5 cxd5 18. Nc5 dxe4 19. Qxe4 Nf5 20. Nb7 Qxa2 21. Bb5 Rec8 22. Nc5 Nd5 23. Rd2 Qa5 24. Bd7 Nc3 25. Qf3 Rf8 26. Be3 Nxd4 27. Rxd4 Qxc5 28. Rc4 Qd6 29. Bc6 Rac8 30. Kg2 a5 31. Ra1 a4 32.
bxa4 e5 33. Rxc3 bxc3 34. Bd5 Kh7 35. Rc1 f5 36. Bb3 e4 37. Qe2 Qb4 38. Bc2 Rfd8 39. Rb1 Qe7 40. Qe1 Bd4 41. Bf4 Be5 42. Be3 Qc7 43. Ra1 f4 44. gxf4 Bxf4 45. Bxe4 Re8 46. f3 Qe5 47. Bxf4 Qxf4 48. a5 c2 49. Rc1 Rc4 50.
Bxg6+ Kxg6 51. Qxe8+ Kf6 52. Qf8+ Ke5 53. Qxf4+ Kxf4 54. Kf2 Rc3 55. Ke2 Re3+ 56. Kd2 Rxf3 57. Rxc2 Ra3 58. Rc4+ Kg3 59. Rc3+ Rxc3 60. Kxc3 Kxh4 61. a6 Kg3 62. a7 h4 63. a8=Q h3 64. Qh1 h2 65.
Kd3 1-0